AoeStats
← Banaan9613

Black Forest

510969390Analyzed
4v4 RM · 5h ago on Oct 3, 2026· 47m 47s· 8 players
Game mode
Random Map
Map size
Large (8 player)
Population
200
Speed
Normal
Resources
Standard
Victory
Conquest
Starting age
Dark Age
Ending age
Imperial Age
RankedLock teamsTeams togetherTeam positionsShared explorationLock speedFull tech treeHidden civsTurbo modeCheats
Victory
Defeat
🇩🇪 Teutons · Germany
718
+10
🇷🇺 Japanese · Russia
704
+10
696
+10
🇺🇦 Burgundians · Ukraine
331
+24
🇺🇸 Huns · United States
627
-16
🇯🇵 Italians · Japan
608
-16
🇩🇪 Saxons · Germany
526
-12
🇨🇳 Wei · China
476
-10
blackjack6894
1:06 Loom
16:00 Feudal Age
17:58 Wheelbarrow
17:09 Town Watch
17:28 Double-Bit Axe
17:37 Horse Collar
26:05 Castle Age
25:09 Forging
25:16 Gold Mining
25:23 Stone Mining
26:24 Scale Barding Armor
26:34 Bloodlines
26:17 Light Cavalry
27:12 Heavy Plow
28:30 Hand Cart
28:55 Husbandry
29:57 Iron Casting
31:33 Gold Shaft Mining
31:03 Fletching
32:09 Town Patrol
33:12 Caravan
34:01 Fervor
38:01 Imperial Age
36:09 Squires
35:31 Pikeman
36:14 Scale Mail Armor
36:12 Bodkin Arrow
36:27 Murder Holes
37:30 Masonry
37:41 Ballistics
38:55 Halberdier
39:56 Chain Mail Armor
40:43 Blast Furnace
40:49 Bow Saw
43:05 Chemistry
42:09 Bracer
43:47 Conscription
45:03 Chain Barding Armor
46:45 Plate Barding Armor
cedric1112
1:22 Loom
13:39 Feudal Age
14:02 Horse Collar
14:08 Double-Bit Axe
23:43 Castle Age
22:23 Fletching
22:34 Padded Archer Armor
25:08 Bow Saw
25:14 Heavy Plow
25:41 Gold Mining
27:18 Crossbowman
29:16 Bodkin Arrow
30:02 Leather Archer Armor
30:44 Stone Mining
33:06 Wheelbarrow
34:32 Gold Shaft Mining
37:37 Imperial Age
37:57 Thumb Ring
37:38 Arbalester
38:43 Conscription
38:47 Bracer
39:18 Ring Archer Armor
39:52 Chemistry
40:20 Two-Man Saw
40:03 Crop Rotation
41:51 Hand Cart
42:17 Guard Tower
43:42 Forging
44:33 Keep
Jawaharlal NEHRU
0:29 Loom
17:28 Feudal Age
19:15 Double-Bit Axe
19:56 Horse Collar
23:11 Wheelbarrow
28:26 Castle Age
30:49 Gold Mining
31:13 Bow Saw
31:13 Town Watch
31:47 Crossbowman
32:28 Fletching
33:08 Fortified Wall
33:45 Bodkin Arrow
34:45 Thumb Ring
35:03 Ballistics
35:01 Treadmill Crane
38:51 Stone Mining
39:51 Pikeman
41:39 Silk Road
41:40 Padded Archer Armor
41:51 Forging
41:41 Scale Mail Armor
43:16 Squires
44:09 Heavy Plow
48:31 Imperial Age
48:23 Iron Casting
48:04 Chain Mail Armor
48:04 Leather Archer Armor
Elite Savage
Sg1Sga
0:28 Loom
14:12 Feudal Age
20:50 Castle Age
18:39 Horse Collar
18:51 Double-Bit Axe
25:35 Heavy Plow
32:45 Wheelbarrow
34:44 Hand Cart
38:22 Imperial Age
36:37 Town Watch
37:10 Scale Mail Armor
37:20 Forging
37:37 Ironclad
38:42 Scale Barding Armor
38:53 Chain Mail Armor
38:00 Pikeman
38:41 Squires
40:12 Conscription
39:15 Halberdier
39:41 Gambesons
39:42 Arson
41:23 Plate Mail Armor
41:29 Iron Casting
41:32 Crop Rotation
41:16 Bow Saw
41:00 Gold Mining
41:00 Stone Mining
41:52 Town Patrol
42:48 Caravan
42:32 Onager
44:58 Stone Shaft Mining
45:32 Two-Man Saw
45:49 Siege Onager
47:43 Chemistry
46:54 Fortified Wall
47:04 Ballistics
46:36 Heated Shot
michaelkrime
1:30 Loom
6:37 Double-Bit Axe
10:41 Wheelbarrow
13:20 Stone Mining
13:24 Gold Mining
13:45 Horse Collar
17:09 Feudal Age
18:09 Hand Cart
17:40 Town Watch
18:18 Bow Saw
21:03 Stone Shaft Mining
21:04 Gold Shaft Mining
20:33 Heavy Plow
24:31 Caravan
29:02 Castle Age
27:54 Arson
28:19 Scale Barding Armor
28:15 Scale Mail Armor
29:11 Padded Archer Armor
29:03 Fletching
32:14 Town Patrol
33:18 Two-Man Saw
32:57 Fervor
32:47 Treadmill Crane
33:18 Fortified Wall
33:04 Murder Holes
33:20 Masonry
33:32 Ballistics
36:34 Burgundian Vineyards
39:13 Coinage
43:57 Imperial Age
42:50 Squires
42:12 Pikeman
43:15 Chain Mail Armor
43:21 Chain Barding Armor
43:17 Leather Archer Armor
42:58 Bodkin Arrow
43:14 Forging
46:00 Conscription
45:10 Sappers
46:16 Hoardings
45:02 Elite Coustillier
46:17 Architecture
46:26 Crop Rotation
47:17 Plate Mail Armor
47:23 Plate Barding Armor
46:56 Halberdier
我真的不是周杰伦
1:11 Loom
12:39 Feudal Age
13:58 Wheelbarrow
14:13 Horse Collar
21:14 Castle Age
20:26 Gold Mining
21:38 Stone Mining
23:06 Hand Cart
24:37 Heavy Plow
24:40 Double-Bit Axe
26:00 Gold Shaft Mining
27:10 Stone Shaft Mining
33:24 Imperial Age
33:19 Bow Saw
33:48 Caravan
36:46 Crop Rotation
36:46 Double Crossbow
38:46 Heavy Scorpion
39:26 Elite Ballista Elephant
43:47 Fletching
44:09 Forging
44:05 Scale Barding Armor
44:14 Light Cavalry
45:23 Hussar
46:13 Bloodlines
Banaan9613
14:00 Feudal Age
15:03 Gold Mining
15:02 Double-Bit Axe
22:06 Castle Age
20:20 Stone Mining
27:59 Husbandry
28:29 Forging
28:25 Scale Barding Armor
29:01 Bloodlines
29:55 Horse Collar
30:43 Town Watch
34:22 Iron Casting
34:13 Chain Barding Armor
35:21 Caravan
36:39 Wheelbarrow
35:50 Loom
36:07 Town Patrol
41:12 Imperial Age
41:15 Capped Ram
42:43 Gold Shaft Mining
42:29 Cavalier
42:57 Gambesons
43:13 Squires
42:58 Arson
42:34 Pikeman
44:19 Blast Furnace
43:10 Fletching
43:21 Padded Archer Armor
43:22 Scale Mail Armor
43:54 Redemption
46:07 Sanctity
45:58 Fervor
45:44 Herbal Medicine
46:32 Bodkin Arrow
46:53 Leather Archer Armor
47:48 Hand Cart
Connection lost

Rejoining the realm…

Still unreachable

The connection could not be restored.

Session expired

The server has moved on; the page needs a fresh start.